ArCris, neutral male human Barbarian --------------- |........<....| |.............| ---.----------- ------------- # |`.........`| # #-.....`.....|# ### ###|...-----%..|########@i # # |...|.{.|...|# -.------- ### |..`|{.{|`..|# |........#######``##`##|...|.{.|....## |.......| ### #|...--.--...| |.......| # #|.....`.....| |.......|######## #|`.........`| # |.......| #------------- # |........#` #################### --------- ArCris the Pillager Experience level: 5 Strength: 18 Dexterity: 16 Constitution: 18 Intelligence: 7 Wisdom: 11 Charisma: 6 Health: 0(58) Energy: 12(12) Def: 4 Gold: 585 Moves: 4913 Dungeon seed: CXLu58p6oBJZCjaU Game ID: ArCris_1458842222 Your Inventory: Coins $ - 585 gold pieces Weapons a - a +0 ranseur H - 7 blessed +0 shuriken Armor e - a cursed -1 orcish helm (being worn) n - an uncursed +0 orcish helm q - an uncursed +2 orcish helm z - an uncursed +0 scale mail (being worn) Comestibles v - an uncursed cream pie Z - an uncursed partly eaten bugbear corpse Scrolls t - a blessed scroll of light Potions V - an uncursed potion of monster detection Rings G - an uncursed ring of sustain ability (on left hand) Tools o - an uncursed magic whistle w - an uncursed mirror T - an uncursed tin opener Spells and supernatural/magical abilities: Name Level Category Fail Memory W - pray for help -- divine ? -- Your skills at the end: Fighting Skills bare handed combat [Basic] Weapon Skills axe [Basic] short sword [Basic] Spellcasting Skills Final Attributes: You were piously aligned. You were poison resistant. You had fixed abilities. You are dead (2nd time!). Vanquished creatures: a bugbear a gray ooze 2 giant ants 2 little dogs 2 floating eyes a kitten a kobold shaman 2 rothes 2 rabid rats an orc zombie 4 iguanas an acid blob 2 coyotes a gas spore a hobbit a manes a large kobold 2 giant rats a yellow mold a red mold 5 garter snakes 2 geckos 7 jackals 5 foxes a kobold 6 goblins 3 grid bugs 7 lichens a kobold zombie 8 newts 75 creatures vanquished. Voluntary challenges: You were an atheist. You used a wielded weapon 70 times, starting on turn 100. You read items or engraved 3 times, starting on turn 1027. You never genocided any monsters. You never polymorphed an object. You never changed form. You used no wishes. You never split a pudding. You never wrote Elbereth's name. You violated your moral code, losing 20 points of alignment, starting on turn 2704. Dungeon overview: The Dungeons of Doom: levels 1 to 6 Level 1 a long staircase Level 2 (Shop in right Corner) a general store, a fountain Level 3 Level 4 a general store a long staircase Level 5 some sinks Level 6 <- You were here many fountains History has recorded: On T:1 you entered the Dungeons of Doom to retrieve the Amulet of Yendor! On T:378 you advanced to experience level 2. On T:713 you reached level 2 of The Dungeons of Doom. On T:974 you advanced to experience level 3. On T:1641 you advanced to experience level 4. On T:1763 you reached level 3 of The Dungeons of Doom. On T:2933 you reached level 4 of The Dungeons of Doom. On T:3168 you advanced to experience level 5. On T:3745 you reached level 5 of The Dungeons of Doom. On T:4585 you reached level 6 of The Dungeons of Doom. On T:4782 you were saved from death by your amulet of life saving! Score breakdown: Gold: 585 ( 9415 points) Experience: 5 levels (11141 points) Exploration: 6 levels ( 12.00%) ( 9583 points) Discoveries: 5 items ( 2.03%) ( 4276 points) Valuables value: (no points given unless you survive) Artifact value: 0 ( 0 points) Variety of kills: 30 monsters ( 7.87%) ( 8418 points) Turncount: 4913 turns (-1328 points) Survival: died (score multiplied by 80%) Total score: 33204 Latest messages: You don't have enough stamina to move. The imp hits! (2x) You die... Final status: Goodbye ArCris the Barbarian, killed by an imp... You died in The Dungeons of Doom on dungeon level 6 with 33204 points, and 585 pieces of gold, after 4913 moves. You were level 5 with a maximum of 58 hit points when you died.